 Dungeon Crawl Stone Soup version 0.23.0 (webtiles) character file.

Game seed: 11609756998821061549

165 PentaManta the Cudgeler (level 5, -1/42 HPs)
             Began as a Demonspawn Gladiator on Feb 16, 2019.
             Slain by an orc priest
             ... wielding a +0 club
              (3 damage)
             ... on level 3 of the Dungeon.
             The game lasted 00:11:59 (2201 turns).

PentaManta the Cudgeler (Demonspawn Gladiator)      Turns: 2201, Time: 00:12:01

Health: -1/42      AC:  4    Str: 15    XL:     5   Next: 21%
Magic:  5/5        EV: 12    Int: 10    God:
Gold:   58         SH:  0    Dex: 14    Spells: 4/4 levels left

rFire    . . .     SeeInvis .   a - +0 flail
rCold    . . .     Gourm    .   (no shield)
rNeg     . . .     Faith    .   b - +0 leather armour
rPois    .         Spirit   .   c - +0 helmet
rElec    .         Reflect  .   (no cloak)
rCorr    +         Harm     .   (no gloves)
MR       .....                  (no boots)
Stlth    +.........             (no amulet)
HPRegen  0.14/turn              q - ring of resist corrosion
MPRegen  0.09/turn              (no ring)

@: lightly drained
A: hooves 1, demonic guardian 1
a: no special abilities


You were on level 3 of the Dungeon.
You were not hungry.

You visited 1 branch of the dungeon, and saw 3 of its levels.

You collected 58 gold pieces.

Inventory:

Hand Weapons
 a - a +0 flail (weapon)
Missiles
 d - 3 throwing nets (quivered)
Armour
 b - a +0 leather armour (worn)
 c - a +0 helmet (worn)
 n - a +0 hat
 r - a +0 pair of gloves
Jewellery
 o - a cursed ring of teleportation
 q - a ring of resist corrosion (left hand)
 s - an uncursed ring of ice {unknown}
Wands
 u - a wand of paralysis (8)
Scrolls
 h - a scroll of teleportation {unknown}
 j - 2 scrolls of enchant weapon
 l - a scroll of remove curse {unknown}
 m - a scroll of fog {unknown}
 t - a scroll of blinking {unknown}
Potions
 e - a potion of curing
 g - a potion of cancellation {unknown}
 i - a potion of magic
 k - 4 potions of brilliance
 p - a potion of might
Comestibles
 f - 2 rations


   Skills:
 * Level 3.6(3.1) Fighting
 * Level 3.8(3.3) Maces & Flails
 - Level 1.7(1.2) Throwing
 - Level 1.1(0.5) Armour
 + Level 3.3(2.7) Dodging


You had 4 spell levels left.
You didn't know any spells.
Your spell library was empty.

Dungeon Overview and Level Annotations

Branches:
Dungeon (3/15)

Altars:
Ashenzari
Okawaru
Trog


Innate Abilities, Weirdness & Mutations

You have large cloven feet.
A weak demonic guardian rushes to your aid.


Message History

Your quasit bites the giant cockroach but does no damage.
Your quasit claws the giant cockroach.
Your quasit claws the giant cockroach but does no damage.
You sock the orc priest! Your kick misses the orc priest.
The orc priest is almost dead.
Your quasit bites the giant cockroach but does no damage.
Your quasit closely misses the giant cockroach.
Your quasit barely misses the giant cockroach.
The giant cockroach barely misses you. The orc priest hits you with a +0 club.
* * * LOW HITPOINT WARNING * * *
Your quasit bites the giant cockroach but does no damage.
Your quasit claws the giant cockroach.
Your quasit misses the giant cockroach.
The giant cockroach completely misses you.
You closely miss the orc priest. Your kick misses the orc priest.
The orc priest is almost dead.
Your quasit misses the giant cockroach.
Your quasit claws the giant cockroach but does no damage. x2
The giant cockroach closely misses your quasit.
The orc priest hits you with a +0 club.
You die...

.....#.
#5)## ##).#
.
##.#####...
#.........
##..####.#
##..# #...#
##o..#...
#@s......_
##.5.#....
###.#....
.# .s. .#
##. .. #


You could see an orc priest, a giant cockroach and a friendly quasit.

Vanquished Creatures
  3 adders
  An ooze (D:2)
  2 worms (D:2)
  5 dart slugs
  A leopard gecko (D:2)
  7 orcs (D:3)
  7 bats
  2 giant cockroaches
  5 hobgoblins
  10 kobolds
  A quokka (D:3)
  3 frilled lizards
  6 goblins
  8 rats
61 creatures vanquished.

Vanquished Creatures (collateral kills)
  An orc wizard (D:3)
  An orc priest (D:3)
  A leopard gecko (D:3)
  3 orcs (D:3)
6 creatures vanquished.

Grand Total: 67 creatures vanquished

Notes
Turn   | Place    | Note
-------+----------+-------------------------------------------
     0 | D:1      | PentaManta the Demonspawn Gladiator began the quest for the
                  | Orb.
     0 | D:1      | Reached XP level 1. HP: 16/16 MP: 1/1
    43 | D:1      | Gained mutation: You have large cloven feet. [demonic
                  | ancestry]
    43 | D:1      | Reached XP level 2. HP: 18/22 MP: 2/2
   500 | D:1      | Reached XP level 3. HP: 19/28 MP: 3/3
  1155 | D:2      | Found a bloodstained altar of Trog.
  1199 | D:2      | Gained mutation: A weak demonic guardian rushes to your
                  | aid. [demonic ancestry]
  1199 | D:2      | Reached XP level 4. HP: 33/35 MP: 4/4
  1682 | D:2      | Found an iron altar of Okawaru.
  1685 | D:2      | Reached skill level 1 in Armour
  2184 | D:3      | Reached XP level 5. HP: 8/41 MP: 5/5
  2194 | D:3      | Found a shattered altar of Ashenzari.
  2200 | D:3      | HP: 2/42 [orc priest/+0 club (3)]
  2201 | D:3      | Slain by an orc priest

Skill      XL: |  1  2  3  4 |
---------------+-------------+-----
Maces & Flails | 3 |  3.8
Dodging        | 3 |  3.3
Fighting       | 3 |  3.6
Armour         | 1 |  1.1
Throwing       | |  1.7

Action                   |  1- 3 |  4- 6 || total
-------------------------+-------+-------++-------
Melee: Flail             |   128 |    67 ||   195
       Kick              |    23 |    17 ||    40
  Use: Scroll            |     3 |     4 ||     7
 Stab: Sleeping          |     1 |       ||     1
  Eat: Chunk             |     1 |       ||     1
       Ration            |       |     1 ||     1
Armor: Leather armour    |    35 |    10 ||    45
Dodge: Dodged            |   123 |    44 ||   167
